 Dungeon Crawl Stone Soup version 0.31-a0-542-gdc2a67831c (webtiles) character file.

Game seed: 10799216325078557319

40 BubbleThief the Changeling (level 3, 0/27 HPs)
             Began as a Merfolk Shapeshifter on Aug 14, 2023.
             Slain by a goblin
             ... wielding a +2 dagger of holy wrath
             ... led by Robin
              (5 damage)
             ... on level 2 of the Dungeon.
             The game lasted 00:02:40 (1250 turns).

BubbleThief the Changeling (Merfolk Shapeshifter)   Turns: 1250, Time: 00:02:40

Health: 0/27       AC:  2    Str: 17    XL:     3   Next: 50%
Magic:  3/3        EV: 18    Int:  7    God:
Gold:   68         SH:  0    Dex: 14    Spells: 2/2 levels left

rFire   . .          .
                       - Unarmed
rCold   . . .        (no shield)
rNeg    . . .        a - +0 animal skin
rPois   .            (helmet currently unavailable)
rElec   .            (cloak currently unavailable)
rCorr   .            (gloves currently unavailable)
SInv    .            (boots currently unavailable)
Will    +....        (no amulet)
Stlth   +            o - ring of willpower
HPRegen 0.24/turn    n - +5 ring of evasion
MPRegen 0.08/turn

%: no passive effects
@: beast-form
A: beast (slay +2), (nimble swimmer 2), mertail
a: Begin Untransformation


You were on level 2 of the Dungeon.
You were a hulking beast.
You visited 1 branch of the dungeon, and saw 2 of its levels.

You collected 68 gold pieces.

Inventory:

Armour
 a - a +0 animal skin (worn)
 m - a +0 pair of gloves
Jewellery
 j - a +6 ring of intelligence
 n - a +5 ring of evasion (right hand)
 o - a ring of willpower (left hand)
Talismans
 c - a beast talisman (active)
 d - a flux talisman
Scrolls
 e - a scroll of vulnerability {unknown}
 f - 2 scrolls of identify {unknown}
 k - a scroll of blinking {unknown}
 l - a scroll of fear {unknown}
Potions
 b - a potion of lignification
 g - a potion of resistance {unknown}
 h - a potion of enlightenment {unknown}
 i - a potion of curing {unknown}
 p - a potion of magic {unknown}


   Skills:
 + Level 2.0 Fighting
 + Level 3.3 Dodging
 + Level 3.8 Unarmed Combat
 + Level 4.3 Shapeshifting


You had 2 spell levels left.
You didn't know any spells.
Your spell library was empty.

Dungeon Overview and Level Annotations

Branches:
Dungeon (2/15)

Altars:
Zin

Annotations:
D:2 Robin


Innate Abilities, Weirdness & Mutations

You are a hulking beast.
Your limbs bulge with bestial killing power. (Slay +2)
((You are very nimble when in or above water. (Stealth+, EV+, Speed+++)))
Your lower body shifts to a powerful aquatic tail in water.


Message History

You barely miss the hobgoblin. Your punch misses the hobgoblin.
The hobgoblin is moderately wounded.
Robin roars a battlecry!
The goblins go into a battle-frenzy!
The hobgoblin misses you.
You hear a shout! x2
You hit the hobgoblin.
The hobgoblin is almost dead.
The hobgoblin hits you.
You are too injured to fight recklessly!
You are too injured to fight recklessly!
You are too injured to fight recklessly!
You hit the hobgoblin.
You kill the hobgoblin!
A goblin comes into view. It is wielding a +0 club.
You closely miss the goblin. Robin throws the goblin at you!
The goblin barely misses you. The goblin misses you.
You barely miss the goblin.
A goblin comes into view. It is wielding a +1 dagger of venom.
The goblin closely misses you. The goblin completely misses you.
You barely miss the goblin. Robin barely misses you.
The goblin hits you with a +0 club. The goblin barely misses you.
You barely miss the goblin. Robin closely misses you.
The goblin completely misses you. The goblin barely misses you.
You hit the goblin.
The goblin is severely wounded.
The goblin misses you. The goblin hits you with a +0 dagger.
You punch the goblin!
You kill the goblin!
The goblin misses you. Robin throws the goblin at you!
You hit the goblin.
The goblin is moderately wounded.
You hit the goblin.
You kill the goblin!
The goblin hits you with a +0 dagger.
* * * LOW HITPOINT WARNING * * *
Robin throws the goblin at you!
* * * LOW HITPOINT WARNING * * *
The goblin hits you with a +2 dagger of holy wrath.
You die...

..# #..........# ..
..# #..........## #.#
..#
#...........###+##
?.# ..#
#...........#....#..#
..#
###########.'....#.#
..###### ###......#
#......# #.....##
...)...#
#########g.!.##
.......+
......ghg...##
.......#
##########..#
.%.....# #..#
)......+ #g.#
####...# #.##
~~~#...# #.# ..~#...#
#g# ...'...# #g#
..~##### #.


You could see Robin and 2 goblins.

Vanquished Creatures
  A dart slug (D:2)
  A bat (D:2)
  3 endoplasms (D:1)
  2 giant cockroaches (D:1)
  6 goblins
  7 hobgoblins
  5 quokkas
  2 ball pythons (D:1)
  3 frilled lizards
  A kobold (D:1)
  3 rats (D:1)
34 creatures vanquished.

Notes
Turn   | Place    | Note
-------+----------+-------------------------------------------
     0 | D:1      | BubbleThief the Merfolk Shapeshifter began the quest for
                  | the Orb.
     0 | D:1      | Reached XP level 1. HP: 15/15 MP: 1/1
   138 | D:1      | Reached XP level 2. HP: 21/21 MP: 2/2
   572 | D:1      | Reached XP level 3. HP: 16/27 MP: 3/3
  1035 | D:2      | Found a glowing silver altar of Zin.
  1231 | D:2      | Noticed Robin
  1250 | D:2      | Slain by a goblin

Illustrated notes

Levels and vault maps discovered:
D:1:      dpeg_arrival_tiny_j, layout_loops_ring
D:2:      layout_basic, basic_altar, kennysheep_minor_cross, uniq_robin,
          uniq_natasha

Skill      XL: |  1  2  3 |
---------------+----------+-----
Dodging        | 3 |  3.3
Fighting       | 2 |  2.0
Unarmed Combat | |  3.8
Shapeshifting  | |  4.3

Action                     || total
---------------------------++-------
  Melee: Unarmed           ||    88
         Punch             ||     2
   Stab: Sleeping          ||     4
 Armour: Animal skin       ||     8
  Dodge: Dodged            ||    48
         Form:             ||     1
         Beast             ||     1

Table legend: (Time is in decaauts)
 A = Elapsed time spent in this place.
 B = Non-inter-level travel time spent in this place.
 C = Inter-level travel time spent in this place.
 D = Time resting spent in this place.
 E = Time spent auto-exploring this place.
 F = Levels seen in this place.
 G = Mean time per level.
                   A        B        C        D        E       F      G
               +--------+--------+--------+--------+--------+-----+--------+
         Total |   1233 |   1193 |     40 |      0 |    977 |   2 |  616.5 |
       Dungeon |   1233 |   1193 |     40 |      0 |    977 |   2 |  616.5 |
               +--------+--------+--------+--------+--------+-----+--------+

Top non-repeatable levels by time:
     D:1: 977 daAuts
     D:2: 255 daAuts
